Map: Abyssal Reef LE

Players

PtitDrogo - Winner!

  • Race: Protoss Protoss
  • Spawn Location: 11:00

qbeN

  • Race: Protoss Protoss
  • Spawn Location: 5:00

Event: IEM XI Katowice - World Championship 2017

VOD

Have the link to the VOD?

Description

Time

  • Played on: Feb. 28, 2017, 8:43 a.m.
  • Length: 6:26

All games in this series

Show
View Real Time Build Order
Export as new Build Order

PtitDrogo Protoss - Winner!

Build Orders:  

Get SALT Encoding   

  12  0:00  Probe (Chrono Boost)  
  13  0:11  Probe (Chrono Boost)  
  14  0:18  Pylon  
  14  0:22  Probe (Chrono Boost)  
  15  0:36  Gateway, Probe (Chrono Boost)  
  15  0:41  Assimilator  
  16  0:47  Probe (Chrono Boost)  
  17  0:57  Probe (Chrono Boost)  
  17  0:58  Assimilator  
  18  1:08  Gateway, Probe (Chrono Boost)  
  20  1:18  Probe (Chrono Boost)  
  20  1:23  Cybernetics Core  
  20  1:29  Probe (Chrono Boost)  
  21  1:34  Pylon  
  21  1:39  Probe (Chrono Boost)  
  22  1:47  Warp Gate  
  22  1:50  Probe (Chrono Boost)  
  23  1:59  Stalker x2  
  29  2:10  Mothership Core (Chrono Boost)  
  29  2:20  Pylon  
  29  2:29  Stalker  
  31  2:37  Stalker  
  31  2:41  Probe (Chrono Boost)  
  34  3:03  Stalker  
  37  3:14  Probe (Chrono Boost)  
  35  3:26  Probe (Chrono Boost)  
  33  3:31  Pylon  
  33  3:38  Probe (Chrono Boost)  
  35  3:50  Probe (Chrono Boost)  
  35  3:53  Stalker x2  
  39  4:02  Probe (Chrono Boost)  
  40  4:03  Nexus  
  41  4:17  Stalker  
  41  4:19  Stalker  
  41  4:25  Probe (Chrono Boost)  
  41  4:37  Probe (Chrono Boost)  
  42  4:43  Adept x2  
  46  4:49  Probe (Chrono Boost)  
  47  4:57  Pylon  
  46  5:15  Probe (Chrono Boost)  
  46  5:19  Stalker x2  
  46  5:20  Probe (Chrono Boost)  
  47  5:27  Probe (Chrono Boost)  
  48  5:31  Probe (Chrono Boost)  
  47  5:37  Probe (Chrono Boost)  
  47  5:41  Probe (Chrono Boost)  
  47  5:48  Adept x2, Probe (Chrono Boost)  
  51  5:52  Twilight Council, Probe (Chrono Boost)  
  52  5:58  Probe (Chrono Boost)  
  52  6:02  Probe (Chrono Boost)  
  54  6:09  Adept x2, Probe (Chrono Boost)  
Show
View Real Time Build Order
Export as new Build Order

qbeN Protoss 

Build Orders: Oracle Opening 

Get SALT Encoding   

  12  0:01  Probe (Chrono Boost)  
  13  0:11  Probe (Chrono Boost)  
  14  0:18  Pylon  
  14  0:22  Probe (Chrono Boost)  
  15  0:37  Gateway, Probe (Chrono Boost)  
  16  0:47  Probe (Chrono Boost)  
  17  0:51  Assimilator  
  17  0:54  Assimilator  
  17  0:58  Probe (Chrono Boost)  
  18  1:08  Probe (Chrono Boost)  
  18  1:11  Gateway  
  19  1:26  Cybernetics Core  
  19  1:27  Probe (Chrono Boost)  
  20  1:37  Probe (Chrono Boost)  
  21  1:41  Pylon  
  21  1:48  Probe (Chrono Boost)  
  22  1:59  Probe (Chrono Boost)  
  22  2:00  Warp Gate  
  23  2:02  Adept  
  23  2:04  Adept  
  27  2:22  Stargate  
  29  2:30  Mothership Core (Chrono Boost)  
  29  2:34  Pylon  
  29  2:50  Probe (Chrono Boost)  
  30  3:00  Pylon  
  30  3:02  Probe (Chrono Boost)  
  33  3:24  Probe (Chrono Boost)  
  32  3:28  Oracle  
  32  3:31  Pylon  
  32  3:38  Nexus  
  32  3:46  Pylon  
  32  4:02  Probe (Chrono Boost)  
  32  4:04  Stalker  
  32  4:05  Stalker  
  35  4:25  Probe (Chrono Boost)  
  35  4:26  Stalker  
  35  4:29  Stalker  
  39  4:37  Probe (Chrono Boost)  
  40  4:44  Pylon  
  40  4:49  Robotics Facility  
  40  4:52  Probe x2 (Chrono Boost)  
  42  4:55  Sentry x2  
  46  5:04  Probe (Chrono Boost)  
  45  5:11  Probe (Chrono Boost)  
  42  5:16  Probe (Chrono Boost)  
  43  5:22  Stalker  
  43  5:31  Probe (Chrono Boost)  
  41  5:45  Immortal  
  41  5:47  Probe (Chrono Boost)  
  41  5:48  Probe (Chrono Boost)  
  40  5:55  Sentry  
  46  5:57  Probe (Chrono Boost)  
  46  6:00  Probe (Chrono Boost)  
  44  6:05  Stalker  
  44  6:08  Probe (Chrono Boost)  
  48  6:12  Probe (Chrono Boost)  
  49  6:22  Stalker  

Tags
 
Add a new tag
Caveats
  • Supply blocks, unpowered buildings, or Contaminate may cause inaccurate times.
  • Supply counts are checked every 10 seconds.